 Dungeon Crawl Stone Soup version 0.32-a0-481-g9ce6b883f8 (webtiles) character file.

Game seed: 5186337943487428263

34 Kenran the Trooper (level 3, 0/31 HPs)
             Began as a Minotaur Summoner on Feb 26, 2024.
             Succumbed to an adder's poison
             ... on level 1 of the Dungeon.
             The game lasted 00:01:56 (933 turns).

Kenran the Trooper (Minotaur Summoner)               Turns: 933, Time: 00:01:57

Health: 0/31       AC:  5    Str: 14    XL:     3   Next: 14%
Magic:  0/4        EV: 10    Int: 12    God:
Gold:   74         SH:  0    Dex: 10    Spells: 3/4 levels left

rFire   . . .        a - +0 spear
rCold   . . .        (no shield)
rNeg    . . .        f - +0 ring mail
rPois   .            (helmet restricted)
rElec   .            (no cloak)
rCorr   .            (no gloves)
SInv    .            (no boots)
Will    .....        (no amulet)
Stlth   +            (no ring)
HPRegen 0.25/turn    (no ring)
MPRegen 0.09/turn

%: no passive effects
@: lethally poisoned (0 -> -2), hasted, very quick
A: horns 2, retaliatory headbutt
a: no special abilities


You were on level 1 of the Dungeon.
You visited 1 branch of the dungeon, and saw 2 of its levels.

You collected 74 gold pieces.

Inventory:

Hand Weapons
 a - a +0 spear (weapon)
Armour
 f - a +0 ring mail (worn)
Scrolls
 c - a scroll of enchant armour
 d - a scroll of fog
Potions
 b - a potion of magic


   Skills:
 + Level 3.5 Fighting
 - Level 2.1 Dodging
 - Level 1.5 Stealth
 - Level 1.3 Spellcasting
 - Level 2.9 Summonings


You had 3 spell levels left.
You knew the following spells:

 Your Spells              Type           Power      Damage    Failure   Level
a - Summon Small Mammal   Summ           28%        N/A       19%         1

Your spell library contained the following spells:

 Spells                   Type           Power      Damage    Failure   Level
 Call Imp                 Summ           14%        N/A       26%         2
 Call Canine Familiar     Summ           7%         N/A       47%         3
 Freeze                   Ice            0%         1d3       52%         1
 Frozen Ramparts          Ice            0%         1d1       87%         3
 Hailstorm                Conj/Ice       0%         3d5       87%         3
 Summon Blazeheart Golem  Fire/Summ      4%         N/A       97%         4
 Summon Lightning Spire   Summ/Air       4%         N/A       97%         4


Dungeon Overview and Level Annotations

Branches:
Dungeon (2/15)

Altars:

Annotations:
D:2 Robin


Innate Abilities, Weirdness & Mutations

You have a pair of horns on your head.
You reflexively headbutt those who attack you in melee.


Message History

You hit the adder.
The adder is severely wounded.
You feel sick.
Your bat barely misses the adder.
The adder barely misses you.
Your bat barely misses the adder.
The adder bites you but does no damage.
You hit the adder.
The adder is almost dead.
You feel sick.
Your bat completely misses the adder.
The adder bites you.
* * * LOW HITPOINT WARNING * * *
You are lethally poisoned!
The adder poisons you!
You barely miss the adder. You headbutt the adder.
You kill the adder!
* * * LOW HITPOINT WARNING * * *
You feel sick.
You have reached level 3!
Your experience leads to an increase in your attributes!
Increase (S)trength, (I)ntelligence, or (D)exterity?
You feel stronger. x2
It was a potion of haste.
You feel yourself speed up.
* * * LOW HITPOINT WARNING * * *
You feel sick.
Okay, then.
Casting: Summon Small Mammal (safe; 19% risk of failure)
Confirm with . or Enter, or press ? or * to list all spells.
* * * LOW HITPOINT WARNING * * *
You feel sick.
Casting: Summon Small Mammal (safe; 19% risk of failure)
Confirm with . or Enter, or press ? or * to list all spells.
* * * LOW HITPOINT WARNING * * *
You feel sick.
Your bat disappears in a puff of smoke!
Casting: Summon Small Mammal (safe; 19% risk of failure)
Confirm with . or Enter, or press ? or * to list all spells.
Your bat disappears in a puff of smoke!
You swap places.
* * * LOW HITPOINT WARNING * * *
You feel sick.
* * * LOW HITPOINT WARNING * * *
You feel sick.
You die...

.# #.....# #.# .#
#.##########.# .#
#.##.....†...#
.##########.##.#######.#
..........#.##.#>....#.#
.########.#.##.#.....#.#
.[.....##.#.#..bb....#.#
.#####.##.#.####..##.#.####
.## #.##...#...@.........#
..# #.#....#.###)..)#.#.##
..####..............##.#.#
.....#...##.#.###.#.##.#.#
.###+#....÷............#.#
).........#...###.#.####.#
................#......#.#
............#.....#.##.#.#
..........>.#.......##.#.#


You could see 2 friendly bats.

Vanquished Creatures
  An adder (D:1)
  2 endoplasms (D:1)
  A giant cockroach (D:1)
  2 hobgoblins (D:1)
  4 quokkas (D:1)
  3 ball pythons (D:1)
  4 bats (D:1)
  2 frilled lizards (D:1)
  2 goblins (D:1)
  2 kobolds (D:1)
  2 rats (D:1)
25 creatures vanquished.

Notes
Turn   | Place    | Note
-------+----------+-------------------------------------------
     0 | D:1      | Kenran the Minotaur Summoner began the quest for the Orb.
     0 | D:1      | Reached XP level 1. HP: 14/14 MP: 1/1
   106 | D:1      | Reached skill level 1 in Fighting
   234 | D:1      | Reached skill level 2 in Fighting
   237 | D:1      | Reached XP level 2. HP: 24/24 MP: 3/3
   749 | D:1      | Reached skill level 3 in Fighting
   913 | D:2      | Noticed Robin
   926 | D:1      | Reached XP level 3. HP: 6/31 MP: 2/4
   930 | D:1      | HP: 1/31 [poisoned by an adder]
   933 | D:1      | Succumbed to an adder's poison

Illustrated notes

Levels and vault maps discovered:
D:1:      beargit_arrival_greenhouse, layout_basic
D:2:      layout_loops_cross, uniq_robin

Skill      XL: |  1  2 |
---------------+-------+-----
Fighting       | 2 3 |  3.5
Dodging        | |  2.1
Stealth        | |  1.5
Spellcasting   | |  1.3
Summonings     | |  2.9

Action                     || total
---------------------------++-------
  Melee: Spear             ||    86
         Headbutt          ||    11
   Cast: Summon Small Mamm ||     7
    Use: Scroll            ||     2
         Potion            ||     1
   Stab: Sleeping          ||     2
 Armour: Robe              ||    28
         Ring mail         ||    18
  Dodge: Dodged            ||    49

Table legend: (Time is in decaauts)
 A = Elapsed time spent in this place.
 B = Non-inter-level travel time spent in this place.
 C = Inter-level travel time spent in this place.
 D = Time resting spent in this place.
 E = Time spent auto-exploring this place.
 F = Levels seen in this place.
 G = Mean time per level.
                   A        B        C        D        E       F      G
               +--------+--------+--------+--------+--------+-----+--------+
         Total |    940 |    878 |     62 |     77 |    554 |   2 |  470.0 |
       Dungeon |    940 |    878 |     62 |     77 |    554 |   2 |  470.0 |
               +--------+--------+--------+--------+--------+-----+--------+

Top non-repeatable levels by time:
     D:1: 933 daAuts
     D:2: 6 daAuts
